Map: Traitor's Exile

Players

Ataraxia

  • Race: Protoss Protoss
  • League: Diamond
  • Spawn Location: 6:00

ClayBot

  • Race: Zerg Zerg
  • League: Platinum
  • Spawn Location: 5:00

OpuS - Winner!

  • Race: Protoss Protoss
  • League: Platinum
  • Spawn Location: 12:00

Sketchaphone - Winner!

  • Race: Zerg Zerg
  • League: Platinum
  • Spawn Location: 9:00

VOD

Have the link to the VOD?

Description

Time

  • Played on: Feb. 25, 2019, 7:46 p.m.
  • Length: 13:57
Show
View Real Time Build Order
Export as new Build Order

Ataraxia Protoss 

Build Orders: 1 Gate Expand 

Get SALT Encoding   

  12  0:01  Probe  
  13  0:14  Probe  
  14  0:22  Pylon  
  14  0:27  Probe  
  15  0:44  Gateway  
  15  0:51  Gateway  
  15  0:56  Probe  
  15  1:04  Probe  
  17  1:15  Probe  
  18  1:19  Assimilator  
  18  1:24  Assimilator  
  18  1:43  Nexus  
  18  1:46  Probe  
  19  1:55  Probe  
  20  2:04  Probe  
  20  2:07  Cybernetics Core  
  21  2:14  Pylon  
  21  2:17  Probe  
  22  2:30  Pylon  
  22  2:31  Probe  
  23  2:45  Probe  
  23  2:49  Stalker x2  
  28  2:52  Warp Gate  
  28  3:00  Probe x2  
  30  3:13  Robotics Facility  
  30  3:23  Adept  
  34  3:29  Probe x2  
  36  3:35  Pylon  
  36  3:54  Immortal  
  28  4:09  Gateway  
  32  4:12  Gateway  
  32  4:14  Gateway  
  28  4:28  Probe x2  
  30  4:35  Observer  
  30  4:40  Probe  
  30  4:43  Probe  
  32  4:49  Probe  
  32  4:51  Probe  
  33  4:53  Immortal  
  33  4:58  Probe  
  40  5:19  Zealot x4  
  48  5:23  Probe  
  48  5:24  Probe  
  50  5:37  Pylon  
  50  5:42  Twilight Council  
  50  5:45  Pylon  
  50  5:47  Sentry  
  50  5:48  Sentry x2  
  56  5:55  Probe x2  
  56  6:03  Probe, Immortal  
  56  6:04  Probe  
  64  6:12  Charge  
  64  6:13  Probe x2  
  66  6:19  Assimilator  
  66  6:22  Assimilator  
  67  6:25  Probe x2  
  67  6:31  Zealot x2  
  72  6:41  Probe x2  
  56  7:16  Cybernetics Core, Probe x2  
  58  7:28  Probe  
  50  7:57  Stalker x3  
  51  8:35  Blink  
  43  8:41  Stalker x2  
  43  8:42  Stalker  
  53  8:53  Probe x2  
  55  9:02  Nexus  
  55  9:04  Pylon, Observer  
  55  9:05  Probe  
  55  9:06  Probe  
  55  9:08  Assimilator  
  48  9:12  Assimilator  
  48  9:15  Pylon  
  42  9:18  Probe  
  42  9:40  Probe x2  
  44  9:52  Probe x2  
  46  10:04  Probe x2  
  48  10:10  Stalker x3  
  54  10:16  Probe  
  54  10:17  Probe  
  54  10:20  Pylon  
  56  10:27  Pylon  
  56  10:28  Probe  
  56  10:29  Probe  
  56  10:30  Pylon  
  56  10:33  Probe  
  59  10:38  Immortal  
  63  10:51  Zealot x2  
  63  10:52  Zealot x2  
  71  11:02  Probe  
  71  11:03  Probe x2  
  74  11:15  Templar Archives  
  73  11:19  Zealot x4  
  73  11:22  Immortal  
  85  11:40  Zealot x4  
  93  11:53  Nexus  
  93  11:54  Pylon  
  93  11:57  Pylon  
  93  12:01  Gateway  
  93  12:02  Gateway  
  93  12:05  Gateway x2  
  93  12:07  Pylon  
  93  12:18  Immortal  
  93  12:21  High Templar x2  
  101  12:23  Observer  
  101  12:25  Archon  
  101  13:01  High Templar x4  
  101  13:05  Archon x2  
  109  13:13  Pylon  
  109  13:14  Pylon  
  109  13:15  Pylon  
  109  13:16  Pylon  
  109  13:20  Zealot x2  
  109  13:21  Zealot x2  
Show
View Real Time Build Order
Export as new Build Order

ClayBot Zerg 

Build Orders: Hatch First 

Get SALT Encoding   

  12  0:01  Drone  
  13  0:13  Overlord  
  13  0:18  Drone  
  14  0:31  Drone x2  
  14  0:35  Drone  
  17  1:00  Extractor  
  17  1:01  Drone  
  17  1:02  Hatchery  
  16  1:25  Spawning Pool, Drone x3  
  18  1:41  Drone  
  19  1:51  Drone  
  20  2:02  Overlord  
  20  2:14  Zergling x2  
  20  2:15  Queen, Roach Warren  
  22  2:16  Queen  
  24  2:30  Drone  
  24  2:31  Drone x3  
  28  2:43  Drone x2  
  30  2:50  Drone  
  31  2:56  Extractor  
  31  2:58  Drone x2  
  31  2:59  Extractor  
  31  3:07  Drone  
  32  3:15  Roach x2  
  35  3:26  Spine Crawler  
  34  3:28  Spine Crawler  
  34  3:29  Spine Crawler, Roach x2  
  34  3:32  Spine Crawler  
  35  3:45  Overlord  
  35  3:46  Overlord  
  35  4:05  Roach x6  
  47  4:12  Roach x2  
  51  4:22  Roach  
  51  4:23  Overlord  
  51  4:49  Drone x4  
  51  4:50  Overlord x2, Drone  
  56  5:00  Lair  
  56  5:04  Drone x4  
  60  5:13  Overlord  
  60  5:15  Drone x2  
  62  5:59  Hatchery  
  61  6:18  Drone x3  
  63  6:21  Extractor  
  63  6:22  Drone x3  
  63  6:24  Overlord x2  
  66  6:25  Drone  
  66  6:26  Drone x2  
  69  6:42  Roach x7  
  83  6:56  Roach x6  
  95  7:17  Ravager  
  95  7:18  Ravager x4  
  100  7:27  Hydralisk Den  
  97  7:48  Roach x5  
  103  7:56  Overseer  
  103  7:57  Hydralisk x2  
  85  8:26  Hydralisk  
  73  8:27  Hydralisk x3  
  76  8:35  Drone x2  
  76  8:36  Drone  
  76  8:37  Roach x2  
  73  8:49  Drone x3  
  73  8:50  Extractor  
  73  8:53  Hydralisk x3  
  81  9:14  Spore Crawler  
  81  9:16  Spore Crawler  
  76  9:37  Queen  
  78  9:38  Overlord  
  78  9:48  Drone x3  
  78  9:49  Drone x4, Hydralisk x4  
  78  9:50  Hydralisk x2  
  97  10:07  Grooved Spines  
  97  10:11  Drone x3  
  97  10:12  Drone x3  
  103  10:28  Pneumatized Carapace  
  103  10:33  Evolution Chamber  
  103  10:35  Baneling Nest  
  101  10:37  Overlord  
  99  11:00  Roach x5  
  99  11:01  Hydralisk x6  
  121  11:06  Drone  
  121  11:08  Overlord x4  
  122  11:18  Muscular Augments  
  122  11:20  Extractor  
  122  11:23  Zerg Ground Armor Level 1, Centrifical Hooks  
  122  11:25  Metabolic Boost  
  121  11:36  Roach x6  
  121  11:37  Roach  
  135  11:48  Overseer x2  
  135  11:55  Queen  
  137  12:18  Hatchery  
  135  12:41  Lair  
  124  13:22  Drone x7  
Show
View Real Time Build Order
Export as new Build Order

OpuS Protoss - Winner!

Build Orders:  

Get SALT Encoding   

  12  0:01  Probe  
  13  0:13  Probe  
  14  0:20  Pylon  
  14  0:25  Probe  
  15  0:38  Probe  
  16  0:43  Gateway  
  16  0:50  Probe  
  17  0:57  Assimilator  
  17  1:00  Assimilator  
  17  1:02  Probe  
  18  1:17  Probe  
  18  1:18  Gateway  
  19  1:26  Probe  
  20  1:40  Cybernetics Core  
  20  1:42  Pylon  
  20  1:43  Probe  
  21  1:53  Probe  
  21  2:01  Probe  
  23  2:16  Stalker x2  
  23  2:18  Warp Gate  
  23  2:21  Pylon  
  27  2:26  Probe  
  28  2:44  Probe  
  28  2:46  Stalker x2  
  32  3:06  Probe  
  33  3:19  Nexus  
  33  3:23  Pylon  
  33  3:26  Probe  
  34  3:47  Probe  
  35  3:50  Twilight Council  
  35  4:09  Stalker x2  
  39  4:14  Stargate  
  39  4:15  Gateway  
  39  4:18  Charge  
  33  4:35  Stalker x2  
  37  4:43  Pylon  
  37  4:45  Pylon  
  37  4:52  Dark Shrine  
  37  4:56  Gateway  
  37  4:59  Void Ray  
  41  5:18  Probe x2  
  43  5:30  Probe  
  43  5:34  Gateway  
  43  5:35  Gateway  
  44  5:39  Void Ray  
  44  5:40  Probe  
  44  5:42  Probe  
  46  5:54  Probe  
  46  5:55  Probe  
  52  6:02  Pylon  
  52  6:09  Zealot x2  
  56  6:14  Zealot  
  56  6:17  Zealot  
  60  6:22  Probe  
  60  6:23  Probe  
  62  6:34  Probe  
  62  6:35  Probe  
  62  6:38  Gateway  
  64  6:41  Gateway  
  64  6:47  Probe x2  
  56  7:05  Void Ray  
  52  7:08  Zealot x3  
  52  7:09  Zealot x2  
  62  7:23  Shield Battery, Dark Templar  
  62  7:25  Shield Battery  
  64  7:37  Probe x2  
  64  7:40  Dark Templar x3  
  59  7:58  Void Ray  
  63  8:07  Zealot x3  
  69  8:25  Pylon  
  69  8:30  Pylon  
  69  8:32  Pylon  
  63  8:36  Dark Templar  
  63  8:37  Nexus  
  65  8:45  Zealot x2  
  65  8:46  Zealot x2  
  65  8:47  Zealot  
  75  9:05  Void Ray  
  75  9:06  Pylon  
  75  9:09  Probe x2  
  81  9:21  Probe x2  
  79  9:28  Assimilator, Templar Archives  
  79  9:32  Assimilator  
  79  9:33  Zealot x3  
  81  9:49  Probe x2  
  81  9:50  Probe  
  84  10:01  Probe x2  
  84  10:02  Probe  
  84  10:04  Zealot x4  
  95  10:11  Forge  
  95  10:13  Probe  
  96  10:16  Forge  
  96  10:24  Void Ray  
  100  10:32  Psionic Storm  
  100  10:38  Probe x3  
  100  10:40  Protoss Ground Weapons Level 1  
  100  10:41  Protoss Ground Armor Level 1  
  103  10:45  Zealot x3  
  103  10:46  Zealot  
  111  11:02  Probe x3  
  114  11:06  Pylon, Dark Templar  
  114  11:08  Pylon  
  116  11:23  Void Ray  
  116  11:24  High Templar  
  116  11:25  High Templar  
  124  11:47  High Templar  
  124  11:48  Zealot x2  
  124  11:49  Zealot  
  124  11:53  Assimilator  
  132  11:56  Assimilator  
  132  11:59  Gateway  
  132  12:00  Gateway  
  132  12:02  Gateway x2  
  132  12:04  Pylon  
  132  12:06  Pylon  
  132  12:08  Pylon  
  132  12:15  Pylon  
  132  12:17  Pylon  
  132  12:19  Pylon  
  132  12:25  High Templar x2  
  132  12:27  Dark Templar x2  
  140  12:33  Void Ray  
  144  12:37  Zealot x4  
  152  12:51  Probe x3  
  153  12:59  Dark Templar  
  153  13:00  Zealot x3  
  153  13:01  Zealot x3  
  153  13:02  Zealot  
  153  13:03  Zealot, High Templar x2  
  153  13:04  Zealot  
  181  13:33  Nexus  
  169  13:35  Pylon  
  169  13:37  Pylon  
  133  13:50  Archon x3  
Show
View Real Time Build Order
Export as new Build Order

Sketchaphone Zerg - Winner!

Build Orders: Hatch First 

Get SALT Encoding   

  12  0:01  Drone  
  13  0:13  Overlord  
  13  0:18  Drone  
  14  0:23  Extractor  
  14  0:24  Drone  
  15  0:33  Drone  
  15  0:35  Drone  
  17  0:54  Drone  
  18  1:01  Hatchery  
  17  1:04  Drone  
  17  1:08  Extractor  
  17  1:22  Spawning Pool  
  16  1:32  Drone  
  17  1:44  Drone x2  
  17  1:45  Overlord  
  19  1:59  Drone  
  20  2:11  Queen  
  20  2:12  Metabolic Boost  
  20  2:14  Zergling x4  
  24  2:17  Drone  
  25  2:24  Queen  
  25  2:27  Zergling x2  
  28  2:33  Drone  
  28  2:35  Zergling x2  
  30  2:42  Zergling x2  
  31  2:46  Zergling x2  
  31  2:50  Overlord  
  32  3:00  Lair  
  32  3:01  Drone  
  32  3:04  Overlord  
  33  3:09  Drone  
  33  3:11  Drone  
  35  3:18  Drone  
  36  3:22  Overlord  
  36  3:25  Drone x2  
  38  3:30  Drone x2  
  40  3:37  Overlord  
  37  3:58  Drone  
  37  3:59  Drone x2  
  37  4:02  Roach Warren  
  38  4:04  Drone x2, Extractor  
  38  4:06  Drone  
  38  4:07  Evolution Chamber, Drone  
  38  4:09  Evolution Chamber  
  37  4:15  Drone  
  38  4:31  Hatchery  
  38  4:34  Zerg Ground Armor Level 1  
  38  4:36  Zerg Missile Weapons Level 1  
  37  4:42  Zergling x4  
  37  4:43  Roach  
  37  4:45  Roach  
  43  4:50  Drone  
  46  4:52  Roach  
  46  5:10  Roach x5  
  46  5:11  Roach, Zergling x2  
  58  5:21  Drone x2  
  58  5:22  Drone  
  58  5:27  Ravager  
  62  5:34  Roach x2  
  67  5:35  Zergling x2  
  67  5:37  Overlord  
  67  5:38  Overlord  
  67  5:51  Extractor, Glial Reconstitution  
  67  5:53  Zergling x14  
  73  5:57  Overlord  
  73  5:58  Overlord  
  73  6:08  Ravager  
  74  6:17  Drone x2  
  76  6:18  Queen  
  76  6:19  Drone x2  
  76  6:20  Drone  
  81  6:27  Pneumatized Carapace  
  81  6:36  Overlord  
  81  6:37  Overlord  
  81  6:42  Drone x2  
  81  6:43  Drone x3  
  81  6:44  Extractor  
  83  6:54  Queen  
  75  7:11  Roach  
  75  7:12  Roach x4  
  82  7:19  Zergling x12  
  86  7:24  Zerg Missile Weapons Level 2  
  86  7:29  Infestation Pit  
  85  7:42  Drone x3  
  85  7:58  Zergling x2  
  85  7:59  Roach x5  
  85  8:00  Roach x4  
  85  8:14  Drone x4  
  82  8:29  Zerg Melee Weapons Level 1  
  82  8:33  Extractor  
  81  8:35  Extractor  
  81  8:39  Hatchery  
  78  8:44  Zergling x16  
  78  8:47  Pathogen Glands  
  86  8:59  Ravager  
  88  9:02  Ravager  
  88  9:06  Hatchery  
  87  9:13  Overlord  
  87  9:17  Overseer  
  87  9:18  Overlord  
  87  9:28  Zergling x12  
  93  9:41  Drone  
  94  9:46  Infestor x3  
  100  10:16  Zerg Ground Armor Level 2  
  100  10:22  Overseer  
  100  10:31  Infestor  
  100  10:32  Roach x3  
  100  10:33  Overlord, Zergling x8  
  112  10:35  Drone  
  112  10:36  Drone  
  105  11:01  Queen  
  105  11:02  Queen  
  103  11:06  Roach x2  
  103  11:07  Roach  
  103  11:08  Roach  
  111  11:29  Nydus Network  
  110  11:38  Zergling x6  
  110  11:39  Zergling x14  
  120  11:48  Drone  
  120  11:49  Drone x2  
  120  11:50  Drone  
  124  11:59  Overseer  
  124  12:18  Nydus Canal  
  124  12:24  Hive  
  124  12:26  Burrow  
  124  12:27  Zergling x8  
  124  12:28  Zergling x8  
  127  12:49  Roach x7  
  127  12:50  Roach  
  90  13:03  Infestor x3  
  95  13:09  Drone x3  
  95  13:10  Drone  
  95  13:13  Extractor  
  95  13:18  Overseer  
  75  13:43  Ravager  
Tags
 
Add a new tag
Caveats
  • Supply blocks, unpowered buildings, or Contaminate may cause inaccurate times.
  • Supply counts are checked every 10 seconds.